 Dungeon Crawl Stone Soup version 0.26-a0-501-g57170428f2 (webtiles) character file.

Game seed: 6728876701833549330

134017 MrRokkomies the Geomancer (level 17, 0/115 HPs)
             Began as an Octopode Venom Mage on Aug 7, 2020.
             Was an Initiate of Gozag.
             Shot with an arrow by a centaur warrior (20 damage)
             ... on level 13 of the Dungeon.
             The game lasted 01:40:35 (30493 turns).

MrRokkomies the Geomancer (Octopode Venom Mage)    Turns: 30493, Time: 01:40:35

Health: 0/115      AC:  9    Str: 21    XL:     17   Next: 16%
Magic:  9/33       EV: 17    Int: 23    God:    Gozag
Gold:   945        SH:  0    Dex:  8    Spells: 1/26 levels left

rFire    . . .     SeeInvis +   a - +10 trident of Certain Death {vorpal, Str+4 Stlth+}
rCold    + + +     Faith    .   (no shield)
rNeg     + + +     Spirit   .   (helmet restricted)
rPois    +         Reflect  .   h - amulet of regeneration
rElec    +         Harm     .   x - +4 ring of protection
rCorr    +                      v - +4 ring of protection
MR       ++...                  S - ring of Amorality {rN+ MR+ rCorr Str+5}
Stlth    +++++++...             l - ring of protection from magic
HPRegen  0.69/turn              Y - ring of see invisible
MPRegen  0.23/turn              E - ring of Divine Intervention {+Fly rC+++ MP+9 Dex-5 Stlth+}
                                P - ring "Ufabb" {rElec rN+ MR- Str+4}
                                D - ring "Ziepluh" {rPois rN++}

@: gold aura
A: almost no armour, stealthy swim, amphibious, 8 rings, constrict 8, camouflage
1, gelatinous body 1
a: Potion Petition, Call Merchant, Bribe Branch, Renounce Religion, Evoke Flight


You were on level 13 of the Dungeon.
You worshipped Gozag.
Gozag was pleased with you.
You visited 4 branches of the dungeon, and saw 24 of its levels.
You also visited: Gauntlet.

You collected 10129 gold pieces.
You spent 4855 gold pieces at shops.
You paid 4329 gold pieces to Gozag.

Inventory:

Hand Weapons
 a - the +10 trident of Certain Death (weapon) {vorpal, Str+4 Stlth+}
   (You found it on level 1 of the Lair of Beasts)

   It inflicts extra damage upon your enemies.
   It affects your strength (+4).
   It makes you more stealthy.
 X - the +7 dagger "Roseoshi" {speed, +Blink MP+9 Int-2 Dex+7}
   (You found it on level 3 of the Lair of Beasts)

   Attacks with this weapon are significantly faster.
   It affects your intelligence (-2).
   It affects your dexterity (+7).
   It affects your magic capacity (+9).
   It lets you blink.
Missiles
 e - 36 poisoned darts (quivered)
 o - 6 curare-tipped darts
 H - 2 throwing nets
Magical Staves
 b - an uncursed staff of poison
Jewellery
 h - an amulet of regeneration (around mantle)
 k - the ring of Ruca {+Blink rN+ Int+5 Dex+6}
   (You found it on level 15 of the Dungeon)

   [ring of dexterity]

   It affects your intelligence (+5).
   It affects your dexterity (+6).
   It protects you from negative energy.
   It lets you blink.
 l - a ring of protection from magic (on tentacle)
 v - a +4 ring of protection (right tentacle)
 w - an uncursed ring of magical power
 x - a +4 ring of protection (left tentacle)
 y - an uncursed amulet of reflection
 z - the ring of Colein {rF- MR+++ Dex+3 SInv}
   (You found it in a Gauntlet)

   [ring of see invisible]

   It affects your dexterity (+3).
   It makes you vulnerable to fire.
   It affects your resistance to hostile enchantments.
   It lets you see invisible.
 D - the ring "Ziepluh" (on tentacle) {rPois rN++}
   (You bought it in a shop on level 2 of the Orcish Mines)

   [ring of poison resistance]

   It protects you from poison.
   It greatly protects you from negative energy.
 E - the ring of Divine Intervention (on tentacle) {+Fly rC+++ MP+9 Dex-5 Stlth+}
   (You bought it in a shop on level 10 of the Dungeon)

   [ring of magical power]

   It affects your dexterity (-5).
   It renders you almost immune to cold.
   It affects your magic capacity (+9).
   It lets you fly.
   It makes you more stealthy.
 P - the ring "Ufabb" (on tentacle) {rElec rN+ MR- Str+4}
   (You bought it in a shop on level 15 of the Dungeon)

   [ring of positive energy]

   It affects your strength (+4).
   It insulates you from electricity.
   It protects you from negative energy.
   It affects your resistance to hostile enchantments.
 S - the ring of Amorality (on tentacle) {rN+ MR+ rCorr Str+5}
   (You found it on level 15 of the Dungeon)

   [ring of resist corrosion]

   It affects your strength (+5).
   It protects you from negative energy.
   It affects your resistance to hostile enchantments.
   It provides partial protection from all sources of acid and corrosion.
 W - a +4 ring of slaying
 Y - a ring of see invisible (on tentacle)
Wands
 s - a wand of flame (54)
 A - a wand of digging (10)
 L - a wand of polymorph (25)
 N - a wand of paralysis (12)
 Q - a wand of disintegration (23)
Scrolls
 c - 7 scrolls of magic mapping
 g - a scroll of immolation
 i - 7 scrolls of remove curse
 p - 3 scrolls of fear
 q - 10 scrolls of teleportation
 r - 4 scrolls of identify
 M - 3 scrolls of fog
Potions
 d - 2 potions of lignification
 f - 2 potions of cancellation
 j - 10 potions of ambrosia
 m - 4 potions of brilliance
 n - 2 potions of stabbing
 u - 8 potions of curing
 C - 3 potions of magic
 G - 2 potions of haste
 J - a potion of might
 R - a potion of mutation
Miscellaneous
 t - a tin of tremorstones (3/3)
 I - a lightning rod (3/4)
 K - a phantom mirror
 U - a phial of floods


   Skills:
 - Level 10.0 Fighting
 + Level 12.4 Polearms
 - Level 11.0 Dodging
 - Level 10.0 Stealth
 - Level 5.0 Spellcasting
 - Level 13.0 Conjurations
 - Level 4.0 Transmutations
 - Level 5.0 Air Magic
 * Level 13.5 Earth Magic
 - Level 12.0 Poison Magic
 - Level 5.0 Evocations


You had one spell level left.
You knew the following spells:

 Your Spells              Type           Power        Failure   Level
a - Sting                 Tmut/Pois      ####         1%          1
b - Poisonous Vapours     Pois/Air       #####.       1%          2
c - Mephitic Cloud        Conj/Pois/Air  ######..     1%          3
d - Ignite Poison         Fire/Tmut/Pois ####....     3%          3
e - Olgreb's Toxic Radia  Pois           ######..     1%          4
f - Iron Shot             Conj/Erth      ######....   6%          6
g - Statue Form           Tmut/Erth      #####....    36%         6

Your spell library contained the following spells:

 Spells                   Type           Power        Failure   Level
 Foxfire                  Conj/Fire      ####         1%          1
 Animate Skeleton         Necr           #.....       10%         1
 Corona                   Hex            #......      10%         1
 Pain                     Necr           #...         10%         1
 Conjure Flame            Conj/Fire      #####...     1%          3
 Dazzling Flash           Conj/Hex       #####.       1%          3
 Petrify                  Tmut/Erth      #####...     2%          4
 Corpse Rot               Necr/Air       N/A          4%          2
 Leda's Liquefaction      Hex/Erth       #####.....   6%          4
 Sticky Flame             Conj/Fire      #####...     6%          4
 Bolt of Magma            Conj/Fire/Erth #####.....   7%          5
 Irradiate                Conj/Tmut      #####.....   8%          5
 Alistair's Intoxication  Tmut/Pois      #####....    10%         5
 Ensorcelled Hibernation  Hex/Ice        #.....       14%         2
 Sublimation of Blood     Necr           #.........   14%         2
 Fireball                 Conj/Fire      #####.....   19%         5
 Confusing Touch          Hex            #.......     28%         3
 Inner Flame              Hex/Fire       #.......     28%         3
 Tukima's Dance           Hex            #.......     28%         3
 Vampiric Draining        Necr           #.........   28%         3
 Summon Lightning Spire   Summ/Air       ###.....     32%         4
 Conjure Ball Lightning   Conj/Air       #####.....   34%         6
 Eringya's Noxious Bog    Tmut/Pois      #####.....   47%         6
 Animate Dead             Necr           #.........   67%         4
 Cause Fear               Hex            #.........   67%         4
 Dispel Undead            Necr           #.......     67%         4
 Silence                  Hex/Air        ###.......   67%         5
 Agony                    Necr           #.......     95%         5
 Excruciating Wounds      Necr           #.........   95%         5
 Hydra Form               Tmut           ###.......   95%         6
 Dragon Form              Tmut           ###.......   100%        7
 Haunt                    Necr/Summ      #.........   100%        7
 Borgnjor's Revivificati  Necr           #.........   100%        8
 Infestation              Necr           #.........   100%        8
 Necromutation            Tmut/Necr      ##........   100%        8
 Death's Door             Necr           #.........   100%        9
 Dragon's Call            Summ           #.........   100%        9
 Shatter                  Erth           ######....   100%        9
 Tornado                  Air            ####......   100%        9


Dungeon Overview and Level Annotations

Branches:
Dungeon (15/15)            Temple (1/1) D:5            Lair (6/6) D:10
  Swamp (0/4) Lair:4        Snake (0/4) Lair:4        Slime (0/5) Lair:5
    Orc (2/2) D:10            Elf (0/3) Orc:2        Vaults (0/5) D:14
 Depths (0/5) D:15        Gauntlet (visited)

Altars:
Ashenzari
Cheibriados
Dithmenos
Elyvilon
Fedhas
Gozag
Hepliaklqana
Kikubaaqudgha
Makhleb
Nemelex Xobeh
Okawaru
Qazlal
Ru
Sif Muna
Trog
Uskayaw
Vehumet
Wu Jian
Xom
Yredelemnul
Zin
The Shining One
Jiyva

Shops:
D:7 (   D:8 *   D:10 =   D:15 !=*   Orc:2 =*!(   Lair:1 (   Lair:4 ?

Annotations:
D:10 Maurice
D:11 2 transporters, nht's ghost, journeyman TrTm
D:13 exclusion: 3 doors
D:15 2 transporters
Lair:5 1 runed translucent door
Lair:6 3 runed translucent doors, Tinttamiau's ghost, journeyman TrMo
Orc:1 2 transporters, dogbrainedIDIOT's ghost, journeyman TrFi


Innate Abilities, Weirdness & Mutations

You cannot wear most types of armour.
You are very stealthy in the water. (Stealth+)
You are amphibious.
You can wear up to eight rings at the same time.
You can use your tentacles to constrict eight enemies at once.
Your skin changes colour to match your surroundings (Stealth+).
Your rubbery body absorbs attacks. (AC +1, EV +1)


Message History

Press: ? - help, Shift-Dir - straight line, f - gargoyle
Aim: a gargoyle, wielding a +0 dire flail (chance to defeat MR: 69%)
The gargoyle is blasted!!
Evoke which item? (* to show all) (? for menu, Esc to quit)
Aiming: Disintegrate
Press: ? - help, Shift-Dir - straight line, f/p - gargoyle
Aim: a gargoyle, wielding a +0 dire flail (severely damaged, chance to defeat MR: 69%)
The gargoyle is blasted!
You blow up the gargoyle!
Your surroundings suddenly seem different.
The centaur shouts!
A centaur warrior comes into view. It is wielding a staff of cold.
The centaur warrior shouts!
An iguana comes into view.
The iguana hisses angrily.
A centaur warrior comes into view. It is wielding a +2 vorpal falchion.
The centaur warrior wields a +0 shortbow.
The centaur warrior shoots an arrow.
The arrow hits you!!
You die...
Your body crumbles into a pile of gold.

. $ #D#. #.#
#. #JW...p #.#
.#J .# #.#
#..... #.# $ #
$O#G# #.# $ ..
###Y.
###.########
$#.#.#.#$
#/###....... $
##.....##
..... #......
# $#:....@.#
#o#.[#...... .
#.......#
..a.#...... #
.....c.....
#.+......
.#c..Y...#...
#......
#).....[#(.#.#
$#......
##...c.## ....
##...... ###
#.#.#Z#$
#(###.......
#.# ##
...###l.
##......>..
..# #[ #. .(
). c#
$##.........


You could see a catoblepas (wandering), 2 slime creatures, 2 centaur warriors, a
two-headed ogre, a sky beast, a centaur, an iguana and a bullfrog zombie
(wandering).

Vanquished Creatures
  Rupert (D:14)
  Gastronok (Lair:3)
  A balrug (Gauntlet)
  An orc warlord (Orc:2)
  A war gargoyle (D:15)
  A very ugly thing (D:15)
  A minotaur (Gauntlet)
  Azrael (Orc:2)
  2 ettins (D:15)
  2 great orbs of eyes (D:15)
  An ice dragon (D:15)
  Harold (D:8)
  4 vault guards (D:15)
  A rakshasa (D:15)
  10 hydras
  7 centaur warriors
  A merfolk avatar (Lair:6)
  Erica (D:8)
  4 ogre magi
  2 tengu warriors (D:15)
  10 death yaks
  A deep troll earth mage (D:15)
  14 two-headed ogres
  A deep troll shaman (D:15)
  An orc high priest (Orc:2)
  Sonja (Lair:1)
  2 deep trolls
  2 unseen horrors
  2 sea snakes (Lair:6)
  A necromancer (D:15)
  Pikel (D:8)
  A lindwurm (shapeshifter) (D:15)
  3 orc knights
  9 ugly things
  A salamander (D:15)
  4 cyclopes
  3 orc sorcerers
  12 deep elf magi
  A moth of wrath (Gauntlet)
  29 elephants
  4 black mambas
  3 manticores
  A naga mage (D:15)
  2 centaur zombies
  Joseph (D:9)
  A guardian serpent (Lair:4)
  2 gargoyles (D:13)
  Psyche (D:11)
  A torpor snail (Lair:4)
  2 minotaur zombies (Gauntlet)
  10 cane toads
  3 rime drakes
  12 komodo dragons
  2 kobold demonologists
  A tengu conjurer (D:15)
  A queen bee (Lair:4)
  13 trolls
  4 meliai
  2 polar bears (Lair:6)
  A hornet (Lair:6)
  14 blink frogs
  Grinder (D:6)
  11 hippogriffs
  A meliai zombie (D:15)
  8 slime creatures
  A harpy skeleton (D:15)
  A dream sheep (shapeshifter) (D:15)
  4 redbacks (Gauntlet)
  7 shadows
  4 wyverns
  3 fire elementals (Orc:2)
  31 yaks
  16 humans (D:14)
  2 wraiths
  5 basilisks
  A human (shapeshifter) (D:15)
  3 wargs (Orc:1)
  2 vampire mosquitoes (D:15)
  A swamp worm (Lair:4)
  2 nagas (D:15)
  4 acid dragons
  A soldier ant (D:13)
  13 water moccasins
  10 porcupines
  2 floating eyes (D:15)
  Duvessa (D:6)
  3 hell hounds
  5 sky beasts
  A meliai simulacrum (D:15)
  23 orc warriors
  4 phantoms
  4 ice beasts
  23 ogres
  24 centaurs
  5 wolves
  21 crocodiles
  20 bullfrogs
  A hornet simulacrum (D:15)
  A wyvern skeleton (D:6)
  Dowan (D:6)
  4 scorpions
  16 wights
  30 killer bees (Lair:4)
  An electric eel (Lair:2)
  2 howler monkeys (D:4)
  A bullfrog zombie (D:7)
  4 crimson imps (D:3)
  6 hounds
  12 orc priests
  A quasit (D:9)
  A gnoll shaman (D:8)
  4 centaur skeletons
  4 jellies
  18 orc wizards
  2 iguanas
  Natasha (D:3)
  9 worker ants
  2 human simulacra (D:9)
  2 worker ant zombies
  6 gnolls
  A howler monkey skeleton (D:8)
  7 adders
  A river rat (Lair:4)
  2 shadow imps
  15 white imps
  2 ufetubi
  2 oozes (D:1)
  An adder zombie (D:8)
  An adder skeleton (D:9)
  5 worms
  6 leopard geckos
  70 orcs
  8 bats
  5 giant cockroaches
  8 goblins
  10 hobgoblins
  16 jackals
  2 quokkas
  A ball python (D:8)
  A ball python skeleton (D:5)
  4 frilled lizards
  11 kobolds
  A quokka skeleton (D:6)
  2 quokka zombies
  6 rats
  A fungus (Lair:6)
810 creatures vanquished.

Vanquished Creatures (collateral kills)
  A stone giant (Orc:1)
  A hydra (Lair:4)
  A manticore (Lair:6)
  An elephant (Lair:6)
  A cane toad (Lair:6)
  A tyrant leech (Lair:4)
6 creatures vanquished.

Vanquished Creatures (others)
  A two-headed ogre (Orc:2)
  A bush (Lair:6)
  10 fungi
  18 plants
30 creatures vanquished.

Grand Total: 846 creatures vanquished

Notes
Turn   | Place    | Note
-------+----------+-------------------------------------------
     0 | D:1      | MrRokkomies the Octopode Venom Mage began the quest for the
                  | Orb.
     0 | D:1      | Reached XP level 1. HP: 11/11 MP: 3/3
   305 | D:1      | Reached XP level 2. HP: 17/17 MP: 1/5
   846 | D:1      | Reached XP level 3. HP: 21/21 MP: 6/6
  1648 | D:2      | Learned a level 2 spell: Poisonous Vapours
  1652 | D:2      | Learned a level 3 spell: Mephitic Cloud
  1699 | D:2      | Reached XP level 4. HP: 25/27 MP: 7/7
  1807 | D:2      | Found a stormy altar of Qazlal.
  2381 | D:3      | Noticed Natasha
  2393 | D:3      | Killed Natasha
  2393 | D:3      | Reached XP level 5. HP: 22/31 MP: 8/8
  2470 | D:3      | Found a sacrificial altar of Ru.
  2476 | D:3      | Reached skill level 5 in Poison Magic
  2727 | D:3      | Found a shimmering altar of Xom.
  2757 | D:3      | Reached XP level 6. HP: 27/36 MP: 5/9
  3350 | D:4      | Found a white marble altar of Elyvilon.
  3359 | D:4      | Reached XP level 7. HP: 35/41 MP: 10/10
  3607 | D:4      | Reached skill level 5 in Stealth
  3849 | D:5      | Entered Level 5 of the Dungeon
  3860 | D:5      | Found a radiant altar of Vehumet.
  3923 | D:5      | Found an iron altar of Okawaru.
  4154 | D:5      | Found a staircase to the Ecumenical Temple.
  4177 | Temple   | Entered the Ecumenical Temple
  4431 | Temple   | Became a worshipper of Gozag Ym Sagoz the Greedy
  4788 | D:5      | Reached skill level 5 in Dodging
  4889 | D:5      | Reached XP level 8. HP: 41/46 MP: 11/11
  5154 | D:6      | Learned a level 3 spell: Ignite Poison
  5434 | D:6      | Noticed Dowan
  5438 | D:6      | Noticed Duvessa
  5449 | D:6      | Killed Dowan
  5456 | D:6      | Killed Duvessa
  5456 | D:6      | Reached skill level 1 in Air Magic
  5630 | D:6      | Found a glowing golden altar of the Shining One.
  5815 | D:6      | Found a shattered altar of Ashenzari.
  5881 | D:6      | Noticed Grinder
  5954 | D:6      | Reached XP level 9. HP: 51/51 MP: 3/12
  5974 | D:6      | Paralysed by Grinder for 7 turns
  5984 | D:6      | Killed Grinder
  6686 | D:7      | Found a shadowy altar of Dithmenos.
  6729 | D:7      | Bought a slimy spear for 200 gold pieces
  6729 | D:7      | Bought a glowing short sword for 150 gold pieces
  6729 | D:7      | Identified the +7 spear "Embalmer" {flame, Int+4} (You
                  | bought it in a shop on level 7 of the Dungeon)
  6844 | D:7      | Found a hazy altar of Hepliaklqana.
  7013 | D:7      | Identified a scroll of acquirement
  7013 | D:7      | Acquired an uncursed staff of poison
  7063 | D:8      | Noticed Pikel
  7070 | D:8      | Killed Pikel
  7070 | D:8      | Reached skill level 10 in Poison Magic
  7182 | D:8      | Found a shimmering blue altar of Sif Muna.
  7222 | D:8      | Noticed Erica
  7225 | D:8      | Noticed Harold
  7374 | D:8      | Got a smoking broad axe
  7375 | D:8      | Identified the +0 broad axe of Agony {flame, rN+} (You
                  | found it on level 8 of the Dungeon)
  7471 | D:8      | Found Esoskus's Assorted Antiques.
  7685 | D:8      | Found a hide-covered altar of Uskayaw.
  7700 | D:8      | Reached XP level 10. HP: 53/56 MP: 13/13
  7776 | D:8      | Learned a level 4 spell: Olgreb's Toxic Radiance
  7876 | D:8      | Killed Harold
  7954 | D:8      | Found a sparkling altar of Nemelex Xobeh.
  7985 | D:8      | Killed Erica
  8119 | D:8      | Found a burning altar of Makhleb.
  8302 | D:9      | Noticed Joseph
  8309 | D:9      | Killed Joseph
  8418 | D:9      | Found a sparkling altar of Nemelex Xobeh.
  9041 | D:10     | Entered Level 10 of the Dungeon
  9315 | D:10     | Found a staircase to the Lair.
  9316 | D:10     | Noticed an elephant
  9428 | D:10     | Reached skill level 5 in Air Magic
  9547 | D:10     | Reached XP level 11. HP: 48/61 MP: 14/14
  9843 | D:10     | Noticed Maurice
  9850 | D:10     | Reached skill level 10 in Stealth
 10028 | D:10     | Found a staircase to the Orcish Mines.
 10145 | Orc:1    | Entered Level 1 of the Orcish Mines
 10156 | Orc:1    | Reached skill level 10 in Dodging
 10328 | Orc:1    | Noticed an orc sorcerer
 10337 | Orc:1    | Killed an orc sorcerer
 10337 | Orc:1    | Reached skill level 1 in Fighting
 10548 | Orc:1    | Noticed dogbrainedIDIOT's ghost (journeyman TrFi)
 10549 | Orc:1    | Noticed a two-headed ogre
 10551 | Orc:1    | Noticed a moth of wrath
 10597 | Orc:1    | Found a bloodstained altar of Trog.
 10599 | Orc:1    | Identified the +12 executioner's axe "Emi Geje" {chaos,
                  | +Rage rF+ Int+4 SInv}
 10599 | Orc:1    | Noticed an orc knight
 10604 | Orc:1    | Found a transporter.
 10842 | Orc:1    | Found a transporter.
 11069 | Orc:2    | Entered Level 2 of the Orcish Mines
 11069 | Orc:2    | Found a staircase to the Elven Halls.
 11069 | Orc:2    | Noticed an orc warlord
 11130 | Orc:2    | Noticed a two-headed ogre
 11302 | Lair:1   | Entered Level 1 of the Lair of Beasts
 11744 | Lair:1   | Reached skill level 1 in Evocations
 11940 | Lair:1   | Noticed a six-headed hydra
 11948 | Lair:1   | Killed a six-headed hydra
 11982 | Lair:1   | Got a glimmering trident
 11983 | Lair:1   | Identified the +10 trident of Certain Death {vorpal, Str+4
                  | Stlth+} (You found it on level 1 of the Lair of Beasts)
 12057 | Lair:1   | Noticed Sonja
 12062 | Lair:1   | Killed Sonja
 12062 | Lair:1   | Reached skill level 1 in Polearms
 12168 | Lair:1   | Reached skill level 5 in Spellcasting
 12488 | Lair:1   | Noticed a four-headed hydra
 12502 | Lair:1   | Learned a level 6 spell: Iron Shot
 12519 | Lair:1   | Killed a four-headed hydra
 12519 | Lair:1   | Reached XP level 12. HP: 25/76 MP: 13/19
 12881 | Lair:1   | Reached skill level 5 in Fighting
 12994 | Lair:2   | Reached skill level 1 in Earth Magic
 14408 | Lair:3   | Noticed an eight-headed hydra
 14414 | Lair:3   | Killed an eight-headed hydra
 14497 | Lair:3   | Noticed Gastronok
 14505 | Lair:3   | Killed Gastronok
 14505 | Lair:3   | Reached skill level 5 in Polearms
 14636 | Lair:3   | Got an ivory dagger
 14668 | Lair:3   | Reached skill level 5 in Evocations
 14813 | Lair:3   | Noticed an eight-headed hydra
 14815 | Lair:3   | Identified the +7 dagger "Roseoshi" {speed, +Blink MP+9
                  | Int-2 Dex+7} (You found it on level 3 of the Lair of
                  | Beasts)
 14826 | Lair:3   | Killed an eight-headed hydra
 15147 | Lair:4   | Reached skill level 1 in Conjurations
 15211 | Lair:4   | Noticed a death yak
 15215 | Lair:4   | Noticed a death yak
 15216 | Lair:4   | Reached XP level 13. HP: 86/86 MP: 12/20
 15844 | Lair:4   | Reached skill level 5 in Earth Magic
 16317 | Lair:4   | Found a staircase to the Snake Pit.
 16999 | Lair:4   | Found a staircase to the Swamp.
 17313 | Lair:4   | Bought a scroll of summoning for 133 gold pieces
 17313 | Lair:4   | Bought a scroll of teleportation for 42 gold pieces
 17427 | Lair:4   | HP: 4/90 [komodo dragon (25)]
 17666 | Lair:4   | Reached XP level 14. HP: 57/98 MP: 13/21
 17881 | Lair:5   | Reached skill level 10 in Fighting
 18042 | Lair:5   | Found a basalt altar of Yredelemnul.
 18210 | Lair:5   | Reached skill level 5 in Conjurations
 18433 | Lair:5   | Found a runed translucent door.
 18434 | Lair:5   | Found a viscous altar of Jiyva.
 18435 | Lair:5   | Noticed an acid blob
 18436 | Lair:5   | Found a staircase to the Slime Pits.
 18436 | Lair:5   | Noticed an acid blob
 18450 | Lair:5   | Found a white marble altar of Elyvilon.
 18825 | Lair:6   | Entered Level 6 of the Lair of Beasts
 18825 | Lair:6   | Found a runed translucent gate.
 18825 | Lair:6   | Found a runed translucent gate.
 18825 | Lair:6   | Found a runed translucent gate.
 18825 | Lair:6   | Noticed Tinttamiau's ghost (journeyman TrMo)
 18886 | Lair:6   | Found a frozen archway.
 19825 | Lair:6   | Reached skill level 10 in Polearms
 20400 | Lair:6   | Reached XP level 15. HP: 97/103 MP: 11/22
 20492 | Lair:6   | Identified the Grimoire of Sinister Malediction
 20819 | Orc:2    | an orc warlord changed into a stone giant
 20878 | Orc:1    | HP: 4/103 [stone giant (40)]
 21026 | Orc:2    | Paralysed by an orc sorcerer for 4 turns
 21594 | Orc:2    | Reached skill level 10 in Earth Magic
 21622 | Orc:2    | Noticed an orc warlord
 21838 | Orc:2    | Killed an orc warlord
 22293 | Orc:2    | Found Ogastaji's Weapon Emporium.
 22455 | Orc:2    | Found Rines's Distillery.
 22461 | Orc:2    | Found Osodghaut's General Store.
 22462 | Orc:2    | Found Mawel's Jewellery Emporium.
 23095 | Orc:2    | Noticed Azrael
 23113 | Orc:2    | Killed Azrael
 23113 | Orc:2    | Reached skill level 10 in Conjurations
 23347 | Orc:2    | Bought a potion of resistance for 180 gold pieces
 23347 | Orc:2    | Bought a potion of heal wounds for 90 gold pieces
 23463 | Orc:2    | Bought a potion of heal wounds for 70 gold pieces
 23463 | Orc:2    | Bought a tin of tremorstones (3/3) for 560 gold pieces
 23514 | Orc:2    | Bought a +4 ring of protection for 432 gold pieces
 23514 | Orc:2    | Bought a +4 ring of protection for 432 gold pieces
 23514 | Orc:2    | Bought the ring "Ziepluh" {rPois rN++} for 450 gold pieces
 23902 | D:10     | Bought the ring of Divine Intervention {+Fly rC+++ MP+9
                  | Dex-5 Stlth+} for 902 gold pieces
 23953 | Lair:1   | Bought an ancient scimitar for 306 gold pieces
 23953 | Lair:1   | Bought a translucent trident for 289 gold pieces
 23953 | Lair:1   | Identified the +7 scimitar of Amidwior {drain, MR+ Int+4}
                  | (You bought it in a shop on level 1 of the Lair of Beasts)
 23954 | Lair:1   | Identified the +5 trident "Ecauboig" {vorpal, rN+} (You
                  | bought it in a shop on level 1 of the Lair of Beasts)
 24001 | D:11     | Found a transporter.
 24002 | D:11     | Noticed nht's ghost (journeyman TrTm)
 24052 | D:11     | Noticed Psyche
 24056 | D:11     | Killed Psyche
 24190 | D:11     | Found a transporter.
 25458 | D:13     | You fall into a shaft and drop 2 floors!
 25458 | D:15     | Entered Level 15 of the Dungeon
 25522 | D:15     | Reached XP level 16. HP: 73/109 MP: 23/23
 25766 | D:15     | Found Woef's Distillery.
 26128 | D:15     | Found Vioddud's Jewellery Emporium.
 26148 | D:15     | Bought the ring "Ufabb" {rElec rN+ MR- Str+4} for 534 gold
                  | pieces
 26359 | D:15     | HP: 2/109 [cyan very ugly thing (6)]
 26498 | D:15     | Found a transporter.
 26543 | D:15     | Got a coiled pewter ring
 26546 | D:15     | Identified the ring of Amorality {rN+ MR+ rCorr Str+5} (You
                  | found it on level 15 of the Dungeon)
 26892 | D:15     | Got a coiled iron ring
 26893 | D:15     | Identified the ring of Qugrar {*Tele rPois} (You found it
                  | on level 15 of the Dungeon)
 27057 | D:15     | Found a transporter.
 27170 | D:15     | Got a slimy marble ring
 27171 | D:15     | Identified the ring of Ruca {+Blink rN+ Int+5 Dex+6} (You
                  | found it on level 15 of the Dungeon)
 27197 | D:15     | HP: 2/109 [fire dragon (5)]
 27828 | D:15     | Found Butux's General Store.
 27842 | D:15     | Bought a potion of heal wounds for 85 gold pieces
 27909 | D:15     | Found a staircase to the Depths.
 28089 | D:14     | Found a gate to the Vaults.
 28089 | D:14     | Noticed Rupert
 28151 | D:14     | Found a gate leading to a gauntlet.
 28197 | Gauntlet | Entered a Gauntlet
 28197 | Gauntlet | Found a transporter.
 28197 | Gauntlet | Found a transporter.
 28197 | Gauntlet | Found a transporter.
 28279 | Gauntlet | Found a transporter.
 28293 | Gauntlet | Found a transporter.
 28295 | Gauntlet | Found a transporter.
 28295 | Gauntlet | Found a large runed translucent door.
 28296 | Gauntlet | Found a large runed translucent door.
 28297 | Gauntlet | Found a large runed translucent door.
 28297 | Gauntlet | Found a large runed translucent door.
 28297 | Gauntlet | Found a runed translucent door.
 28297 | Gauntlet | Found a runed translucent door.
 28298 | Gauntlet | Found a large runed translucent door.
 28299 | Gauntlet | Found a large runed translucent door.
 28300 | Gauntlet | Found a large runed translucent door.
 28300 | Gauntlet | Found a large runed translucent door.
 28301 | Gauntlet | Found a runed translucent gate.
 28301 | Gauntlet | Found a runed translucent gate.
 28301 | Gauntlet | Found a runed translucent gate.
 28303 | Gauntlet | Found a transporter.
 28312 | Gauntlet | Found a large runed translucent door.
 28312 | Gauntlet | Found a large runed translucent door.
 28313 | Gauntlet | Found a large runed translucent door.
 28314 | Gauntlet | Found a large runed translucent door.
 28324 | Gauntlet | Found a transporter.
 28341 | Gauntlet | Found a transporter.
 28345 | Gauntlet | Found a transporter.
 28355 | Gauntlet | Found a transporter.
 28359 | Gauntlet | Found a transporter.
 28409 | Gauntlet | Found a large runed translucent door.
 28410 | Gauntlet | Found a large runed translucent door.
 28411 | Gauntlet | Found a large runed translucent door.
 28411 | Gauntlet | Found a large runed translucent door.
 28471 | Gauntlet | Got a slimy bone ring
 28476 | Gauntlet | Identified the ring of Muxtor {*Tele rPois MP+9} (You found
                  | it in a Gauntlet)
 28960 | Gauntlet | Got a vibrating platinum ring
 28961 | Gauntlet | Identified the ring of Colein {rF- MR+++ Dex+3 SInv} (You
                  | found it in a Gauntlet)
 29265 | D:14     | Paralysed by Rupert for 4 turns
 29266 | D:14     | Killed Rupert
 29616 | D:14     | Learned a level 6 spell: Statue Form
 29858 | D:14     | Reached XP level 17. HP: 115/115 MP: 24/24
 30443 | D:13     | Found the +2 cloak of the Thief {+Fog Slay-2 SInv Stlth+}
 30493 | D:13     | Shot with an arrow by a centaur warrior

Illustrated notes

Levels and vault maps discovered:
D:1:      dpeg_arrival_fog, layout_loops_ring, lexackson_kobold_supper
D:2:      layout_basic, nicolae_qazlal_eye_of_the_storm
D:3:      layout_loops_ring, led_xom_imps, nicolae_ru_sacrificial_ziggurat,
          minmay_distorted, uniq_natasha
D:4:      layout_basic, overflow_temple_1_default
D:5:      minmay_clustersquares, layout_loops_ring, lemuel_round_altar,
          minmay_temple_entry_antechambers, basic_altar
D:6:      layout_cave_pods, lemuel_crystal_altar, lemuel_doored_altar,
          uniq_duvessa, uniq_grinder
D:7:      layout_basic, overflow_temple_1_default, lemuel_round_altar,
          kennysheep_small_circle
D:8:      layout_basic, lemuel_round_altar, grunt_temple_overflow_open,
          serial_shops, nicolae_shop_stone, minmay_ruined_shrine, uniq_erica,
          uniq_harold, uniq_pikel
D:9:      layout_loops_ring, nemelex_xobeh_ov_fountains_minmay,
          bh_circular_ruins, uniq_joseph
D:10:     layout_loops_ring, david_lair_generic, david_orc_4,
          hangedman_decor_growths, uniq_maurice
D:11:     layout_small_grid, gammafunk_ghost_mausoleum, uniq_psyche
D:12:     layout_cave_pools
D:13:     minmay_heptahexagon, layout_small_grid, lemuel_flame_loot_1
D:14:     layout_long_grid, david_vaults_3, gauntlet_entry_generic,
          kennysheep_cross_bottleneck
D:15:     hangedman_spin_cycle
Temple:   compressed_dpeg_triangle_lava_temple
Lair:1:   layout_regular_city, nzn_random_ring, uniq_sonja
Lair:2:   layout_hall_layers, patterned_corridor, serial_bayou_shore_a,
          grunt_megastairs_1, infiniplex_staircase_pool
Lair:3:   layout_misc_corridors, uniq_gastronok
Lair:4:   regret_index_wax_grids, layout_concentric_octagons,
          palyth_hydra_swamp_entry, minmay_snake_entry_spellcaster
Lair:5:   layout_regular_city, slime_altar_2, basic_altar, lemuel_centaur_altar,
          grunt_megastairs_3
Lair:6:   gammafunk_lair_ancient_temple, layout_loops_ring,
          gammafunk_ghost_split, portal_ice_cave_entry_imps
Orc:1:    layout_caves, gammafunk_ghost_wrathful_warriors
Orc:2:    st_orc_open, layout_caves, special_room, elves_outpost_lemuel,
          uniq_azrael

Skill      XL: |  1  2  3  4  5  6  7  8  9 10 11 12 13 14 15 16 17 |
---------------+----------------------------------------------------+-----
Stealth        | 3 4 5 7 8 9 10 | 10.0
Poison Magic   | 4 5 6 7 8 10 11 12 | 12.0
Dodging        | 3 4 5 6 8 9 10 11 | 11.0
Transmutations | 2 3 4 |  4.0
Air Magic      | 1 3 5 |  5.0
Fighting       | 4 7 9 10 | 10.0
Spellcasting   | 5 |  5.0
Evocations     | 3 5 |  5.0
Polearms       | 2 6 8 10 11 12 | 12.4
Earth Magic    | 4 6 9 11 13 | 13.5
Conjurations   | 1 4 8 10 12 13 | 13.0

Action                   |  1- 3 |  4- 6 |  7- 9 | 10-12 | 13-15 | 16-18 || total
-------------------------+-------+-------+-------+-------+-------+-------++-------
Melee: Unarmed           |    32 |       |       |       |       |       ||    32
       Constrict         |    24 |    37 |    50 |    40 |    45 |    32 ||   228
       Tentacles         |    23 |    26 |    40 |    44 |   108 |    70 ||   311
       Dagger            |    75 |    34 |   220 |       |       |       ||   329
       Long sword        |       |    82 |       |       |       |       ||    82
       Mace              |       |       |    16 |    45 |       |       ||    61
       Short sword       |       |       |    29 |   158 |       |       ||   187
       Staff             |       |       |     1 |     3 |     2 |       ||     6
       Trident           |       |       |       |    97 |   557 |   405 ||  1059
Throw: Dart              |     1 |       |     5 |     2 |     7 |       ||    15
 Cast: Sting             |    13 |    26 |    13 |    20 |    15 |       ||    87
       Poisonous Vapours |       |       |    17 |    28 |    89 |    29 ||   163
       Ignite Poison     |       |       |     1 |    24 |    63 |    26 ||   114
       Mephitic Cloud    |       |       |     1 |     4 |     4 |     5 ||    14
       Olgreb's Toxic Ra |       |       |       |    21 |    46 |    18 ||    85
       Iron Shot         |       |       |       |       |       |     6 ||     6
Invok: Call Merchant     |       |       |     1 |     1 |     2 |       ||     4
       Potion Petition   |       |       |       |       |     1 |     2 ||     3
Evoke: Wand              |       |     1 |     5 |    20 |    26 |     7 ||    59
       Lightning rod     |       |       |       |     3 |     5 |     1 ||     9
       Phantom mirror    |       |       |       |       |     1 |       ||     1
       Phial of floods   |       |       |       |       |       |     1 ||     1
  Use: Scroll            |     3 |     6 |    10 |     8 |    13 |    15 ||    55
       Potion            |       |       |       |     1 |     2 |    10 ||    13
 Stab: Sleeping          |     9 |     7 |    12 |    26 |    30 |    22 ||   106
       Confused          |       |       |     1 |       |       |       ||     1
       Distracted        |       |       |       |     4 |    14 |     6 ||    24
       Paralysed         |       |       |       |     4 |     3 |       ||     7
Armor: Skin              |     7 |    13 |    54 |    35 |    51 |    60 ||   220
Dodge: Dodged            |    76 |    85 |   220 |   262 |   424 |   216 ||  1283
       Rpst.: Long sword |       |    14 |       |       |       |       ||    14

Table legend: (Time is in decaauts)
 A = Elapsed time spent in this place.
 B = Non-inter-level travel time spent in this place.
 C = Inter-level travel time spent in this place.
 D = Time resting spent in this place.
 E = Time spent auto-exploring this place.
 F = Levels seen in this place.
 G = Mean time per level.
                   A        B        C        D        E       F      G
               +--------+--------+--------+--------+--------+-----+--------+
         Total |  30248 |  29097 |   1151 |   5725 |  17666 |  25 | 1209.9 |
       Dungeon |  15386 |  14799 |    587 |   2166 |   9463 |  15 | 1025.7 |
        Temple |    331 |    321 |     10 |     49 |    245 |   1 |  331.0 |
          Lair |   9418 |   9118 |    300 |   1564 |   5944 |   6 | 1569.7 |
  Orcish Mines |   4203 |   3949 |    254 |   1461 |   1749 |   2 | 2101.5 |
      Gauntlet |    908 |    908 |      0 |    485 |    265 |   1 |  908.0 |
               +--------+--------+--------+--------+--------+-----+--------+

Top non-repeatable levels by time:
  Lair:4: 2594 daAuts
    D:15: 2526 daAuts
   Orc:1: 2310 daAuts
   Orc:2: 1893 daAuts
  Lair:1: 1695 daAuts
  Lair:6: 1667 daAuts
     D:1: 1587 daAuts
     D:6: 1395 daAuts
  Lair:5: 1309 daAuts
     D:8: 1249 daAuts
    D:10: 1201 daAuts
    D:14: 1124 daAuts
  Lair:2: 1123 daAuts
  Lair:3: 1027 daAuts
     D:3: 910 daAuts
